 Dungeon Crawl Stone Soup version 0.30-a0-134-gb40fab5c76 (webtiles) character file.

Game seed: 17345110213335383917

114 Dreamer the Changer (level 4, -1/28 HPs)
             Began as an Octopode Transmuter on Sept 19, 2022.
             Killed from afar by an orc wizard (7 damage)
             ... with a magic dart
             ... on level 3 of the Dungeon.
             The game lasted 00:06:33 (3302 turns).

Dreamer the Changer (Octopode Transmuter)           Turns: 3302, Time: 00:06:34

Health: -1/28      AC:  1    Str:  9    XL:     4   Next: 97%
Magic:  6/7        EV: 13    Int: 17    God:
Gold:   163        SH:  0    Dex: 12    Spells: 6/7 levels left

rFire   . . .      SeeInvis .    o - +0 dagger (venom)
rCold   + . .      Faith    .    (no shield)
rNeg    . . .      Spirit   .    (helmet currently unavailable)
rPois   .          Reflect  .    (no amulet)
rElec   .          Harm     .    h - ring of protection from cold
rCorr   .          Rampage  .    (no ring)
Will    .....                    (no ring)
Stlth   ++........               (no ring)
HPRegen 0.09/turn                (no ring)
MPRegen 0.10/turn                (no ring)
                                 (no ring)
                                 (no ring)

@: appendages
A: tentacle spike 3, almost no armour, amphibious, 8 rings, camouflage 1,
gelatinous body 1, (nimble swimmer 1), tentacles
a: End Transformation


You were on level 3 of the Dungeon.
One of your tentacles had grown a beastly spike.
You visited 1 branch of the dungeon, and saw 3 of its levels.

You collected 163 gold pieces.

Inventory:

Hand Weapons
 o - a +0 dagger of venom (weapon)
Jewellery
 h - a ring of protection from cold (left tentacle)
Scrolls
 b - a scroll of butterflies {unknown}
 e - 3 scrolls of vulnerability {unknown}
 g - 4 scrolls of fear {unknown}
 j - a scroll of poison {unknown}
 k - a scroll of teleportation {unknown}
 l - 2 scrolls of enchant weapon {unknown}
Potions
 a - 2 potions of lignification
 c - 2 potions of attraction {unknown}
 d - 2 potions of heal wounds
 f - a potion of mutation {unknown}
 i - a potion of invisibility {unknown}
 m - 2 potions of degeneration {unknown}
 n - a potion of resistance {unknown}


   Skills:
 - Level 1.0 Fighting
 - Level 2.0 Dodging
 - Level 3.0 Unarmed Combat
 - Level 2.0 Spellcasting
 * Level 4.2 Transmutations
 + Level 2.3 Ice Magic


You had 6 spell levels left.
You knew the following spells:

 Your Spells              Type           Power      Damage    Failure   Level
a - Beastly Appendage     Tmut           32%        N/A       3%          1

Your spell library contained the following spells:

 Spells                   Type           Power      Damage    Failure   Level
 Wereblood                Tmut           16%        N/A       5%          2
 Spider Form              Tmut/Pois      8%         N/A       24%         3
 Ice Form                 Ice/Tmut       12%        N/A       45%         4
 Animate Dead             Necr           1%         N/A       88%         4
 Borgnjor's Vile Clutch   Necr/Erth      0%         N/A       99%         5
 Death Channel            Necr           0%         N/A       100%        6


Dungeon Overview and Level Annotations

Branches:
Dungeon (3/15)

Altars:


Innate Abilities, Weirdness & Mutations

One of your tentacles has grown a beastly spike.
You cannot wear most types of armour.
You are amphibious.
You can wear up to eight rings at the same time.
Your skin changes colour to match your surroundings (Stealth+).
Your rubbery body absorbs attacks. (AC +1, EV +1)
((You are camouflaged when in or above water. (Stealth+)))
You have tentacles for arms and can constrict up to eight enemies at once.


Message History

You tentacle-slap the goblin.
You kill the goblin!
Your transformation is almost over.
You completely miss the orc. Your grab misses the orc.
Your squeeze misses the orc. The orc hits you with a +0 club.
You tentacle-slap the orc. You grab the orc.
You pierce the orc.
You kill the orc!
Items here: $ )) ? †.
You aren't carrying any wearable armour.
Unknown command.
Your +0 dagger of venom begins to drip with poison!
o - a +0 dagger of venom (weapon)
The orc wizard points at you and mumbles some strange words.
The magic dart hits you.
You extend your transformation's duration.
The orc wizard hits you with a +0 dagger.
You barely miss the orc wizard. You grab the orc wizard.
You pierce the orc wizard, but do no damage.
You constrict the orc wizard.
The orc wizard hits you with a +0 dagger.
You hit the orc wizard but do no damage.
The orc wizard is poisoned.
You pierce the orc wizard, but do no damage.
The orc wizard is lightly wounded.
You constrict the orc wizard, but do no damage.
An orc comes into view. It is wielding a +0 flail.
The orc wizard hits you with a +0 dagger.
* * * LOW HITPOINT WARNING * * *
The orc shouts!
You hit the orc wizard. You squeeze the orc wizard.
The orc wizard is moderately wounded.
You constrict the orc wizard. The orc wizard misses you.
You hit the orc wizard.
The orc wizard looks as sick as possible!
You pierce the orc wizard, but do no damage.
The orc wizard is heavily wounded.
You constrict the orc wizard.
The orc wizard points at you and mumbles some strange words.
The magic dart hits you!
You die...

#..## #.# #...###.##
#####........#
#.......###..#
##.####.####### #..#
.....og..# #..#
...K.##..# #.## ##.#.
#..########.#########
# ..
#..)o..).o@).>......#
##.
#.#########..######.#
#. #.# #..# #^# #o
#.# #..######.# #o
#.# #......##.# #.#
##.###.##.# #.
#.###.##.#
##........#
#........#######


You could see an orc wizard (extremely poisoned) and an orc.

Vanquished Creatures
  Natasha (D:3)
  2 adders
  A worm (D:2)
  A dart slug (D:1)
  An orc (D:3)
  6 endoplasms
  2 giant cockroaches
  4 goblins
  3 hobgoblins
  7 jackals
  7 kobolds
  8 quokkas
  7 ball pythons
  3 bats
  2 frilled lizards (D:1)
  7 rats
62 creatures vanquished.

Notes
Turn   | Place    | Note
-------+----------+-------------------------------------------
     0 | D:1      | Dreamer the Octopode Transmuter began the quest for the
                  | Orb.
     0 | D:1      | Reached XP level 1. HP: 13/13 MP: 3/3
    63 | D:1      | Reached XP level 2. HP: 11/18 MP: 5/5
   460 | D:1      | Found a faded altar of an unknown god.
   487 | D:1      | Reached skill level 1 in Ice Magic
   934 | D:1      | Reached skill level 3 in Transmutations
   934 | D:1      | Reached XP level 3. HP: 23/23 MP: 4/6
  2248 | D:2      | Reached XP level 4. HP: 24/28 MP: 5/7
  2540 | D:3      | Noticed Natasha
  2556 | D:3      | HP: 1/28 [Natasha (10)]
  2562 | D:3      | Killed Natasha
  2864 | D:3      | Reached skill level 4 in Transmutations
  3302 | D:3      | Killed from afar by an orc wizard

Illustrated notes

Levels and vault maps discovered:
D:1:      minmay_arrival_diagonal_passages, layout_loops_corners,
          chequers_ecumenical_altar_simple
D:2:      layout_basic
D:3:      layout_loops_ring, minmay_goblin_outpost, uniq_natasha

Skill      XL: |  1  2  3  4 |
---------------+-------------+-----
Ice Magic      | 1 2 |  2.3
Transmutations | 3 4 |  4.2
Fighting       | |  1.0
Dodging        | |  2.0
Unarmed Combat | |  3.0
Spellcasting   | |  2.0

Action                   |  1- 3 |  4- 6 || total
-------------------------+-------+-------++-------
Melee: Unarmed           |   112 |    46 ||   158
       Constrict         |    24 |    14 ||    38
       Tentacles         |    13 |     7 ||    20
       Kick              |    18 |    14 ||    32
       Punch             |     2 |     1 ||     3
       Dagger            |       |     4 ||     4
 Cast: Beastly Appendage |    21 |    13 ||    34
  Use: Potion            |       |     1 ||     1
 Stab: Sleeping          |    10 |     2 ||    12
Armor: Skin              |     7 |     1 ||     8
Dodge: Dodged            |    66 |    26 ||    92

Table legend: (Time is in decaauts)
 A = Elapsed time spent in this place.
 B = Non-inter-level travel time spent in this place.
 C = Inter-level travel time spent in this place.
 D = Time resting spent in this place.
 E = Time spent auto-exploring this place.
 F = Levels seen in this place.
 G = Mean time per level.
                   A        B        C        D        E       F      G
               +--------+--------+--------+--------+--------+-----+--------+
         Total |   3297 |   3269 |     28 |    598 |   2123 |   3 | 1099.0 |
       Dungeon |   3297 |   3269 |     28 |    598 |   2123 |   3 | 1099.0 |
               +--------+--------+--------+--------+--------+-----+--------+

Top non-repeatable levels by time:
     D:1: 1472 daAuts
     D:2: 1019 daAuts
     D:3: 804 daAuts
